 Dungeon Crawl Stone Soup version bcrawl-1.33.1b (webtiles) character file.

Game seed: 16574386842147925998

167640 Metae the Covered (level 7, -7/61 HPs)
             Began as a Sand Dwarf Fighter on Aug 29, 2021.
             Mangled by an ogre
             ... wielding a +0 giant club
              (27 damage)
             ... on level 4 of the Dungeon.
             The game lasted 00:16:20 (4419 turns).

Metae the Covered (Sand Dwarf Fighter)              Turns: 4419, Time: 00:16:20

Health: -7/61      AC: 10    Str: 23    XL:     7   Next: 19%
Magic:  7/7        EV:  3    Int:  8    God:
Gold:   220        SH:  9    Dex: 10    Spells: 6/6 levels left

rFire    . . .     SeeInvis .   a - +0 flail
rCold    . . .     Gourm    .   c - +0 medium shield
rNeg     . . .     Faith    .   r - +0 chain mail
rPois    .         Spirit   .   (no helmet)
rElec    .         Reflect  .   (no cloak)
rCorr    .         Harm     .   o - +0 pair of gloves
MR       .....                  (no boots)
Stlth    ..........             (no amulet)
HPRegen  0.20/turn              (no ring)
MPRegen  0.10/turn              (no ring)

@: heavily drained, slow
A: small, slowness 1, armour attunement
a: no special abilities


You were on level 4 of the Dungeon.
You were not hungry.

You visited 1 branch of the dungeon, and saw 4 of its levels.

You collected 220 gold pieces.

Inventory:

Hand Weapons
 a - a +0 flail (weapon)
 w - a +2 dagger of draining
Missiles
 n - 134 poisoned tomahawks (quivered)
Armour
 b - a +0 scale mail
 c - a +0 medium shield (worn)
 o - a +0 pair of gloves (worn)
 r - a +0 chain mail (worn)
Scrolls
 d - a scroll of enchant armour {unknown}
 i - 4 scrolls of identify
 l - a scroll of magic mapping {unknown}
 m - 6 scrolls of teleportation
 q - a scroll of remove curse {unknown}
 s - a scroll of enchant weapon {unknown}
Potions
 f - a potion of lignification {unknown}
 g - 2 potions of curing
 h - 2 potions of mutation
 j - 2 potions of agility
 k - 2 potions of cancellation {unknown}
 p - 2 potions of brilliance {unknown}
 t - a potion of degeneration {unknown}
 u - a potion of might
 v - a potion of heal wounds {unknown}
Comestibles
 e - a ration {!d}
 x - a chunk of flesh


   Skills:
 * Level 5.0(2.5) Fighting
 + Level 6.2(3.7) Maces & Flails
 * Level 6.4(3.8) Armour
 + Level 1.1(0.0) Dodging
 + Level 0.1(0.0) Stealth
 + Level 4.1(1.7) Shields


You had 6 spell levels left.
You didn't know any spells.
Your spell library was empty.

Dungeon Overview and Level Annotations

Branches:
Dungeon (4/12)
 Temple: D:4-7

Altars:


Innate Abilities, Weirdness & Mutations

You are small and have problems with some larger weapons.
You cover ground slowly.
Armour does not affect your spellcasting.


Message History

Aim: an ogre, wielding a +0 giant club You throw a poisoned tomahawk.
The poisoned tomahawk hits the ogre.
The ogre is lightly wounded.
You block the ogre's attack.
You hit the ogre but do no damage.
The ogre is lightly wounded.
The ogre hits you with a +0 giant club.
Your shield prevents you from hitting the ogre.
The ogre is lightly wounded.
The ogre hits you with a +0 giant club!!
You sock the ogre!
The ogre is heavily wounded.
You block the ogre's attack.
Your shield prevents you from hitting the ogre.
The ogre is heavily wounded.
The ogre hits you with a +0 giant club!
You hit the ogre but do no damage.
The ogre is heavily wounded.
The ogre hits you with a +0 giant club!!
You die...

... #.# #.# ###.###
#.# #.....# ##'##
#.....# ##...##
#.....# ##.....##
#.....# ##...O...##
##.....#
#....@....####...##.##
+.........'...........
#.........####...##.##
##.......## ##.###.#
##.....## ### #.#
##...## #.# ##+## #.#
#.# ..#


You could see an ogre.

Vanquished Creatures
  A crimson imp (D:3)
  2 hounds
  2 orc priests
  2 orc wizards (D:3)
  Jessica (D:2)
  A worker ant (D:3)
  Natasha (thrice) (D:3)
  6 adders
  An ooze (D:1)
  An adder skeleton (D:2)
  2 worms (D:2)
  2 dart slugs
  4 leopard geckos
  18 orcs
  3 giant cockroaches
  6 goblins
  9 hobgoblins
  4 jackals (D:1)
  10 kobolds
  A quokka (D:3)
  6 bats
  6 frilled lizards
  10 rats
101 creatures vanquished.

Notes
Turn   | Place    | Note
-------+----------+-------------------------------------------
     0 | D:1      | Metae the Sand Dwarf Fighter began the quest for the Orb.
     0 | D:1      | Reached XP level 1. HP: 19/19 MP: 1/1
   242 | D:1      | Reached XP level 2. HP: 21/26 MP: 2/2
   580 | D:1      | Reached XP level 3. HP: 33/33 MP: 3/3
   998 | D:2      | Noticed Jessica
  1003 | D:2      | Killed Jessica
  1004 | D:2      | Reached XP level 4. HP: 40/40 MP: 4/4
  1355 | D:2      | Reached XP level 5. HP: 44/46 MP: 5/5
  1478 | D:2      | Reached skill level 5 in Maces & Flails
  2045 | D:3      | Noticed Natasha
  2051 | D:3      | Killed Natasha
  2081 | D:3      | Noticed Natasha
  2092 | D:3      | Killed Natasha
  2093 | D:3      | Reached skill level 5 in Armour
  2257 | D:3      | Reached XP level 6. HP: 53/53 MP: 6/6
  2432 | D:3      | Reached skill level 1 in Dodging
  2511 | D:3      | Noticed Natasha
  2531 | D:3      | Killed Natasha
  3132 | D:3      | Reached XP level 7. HP: 55/60 MP: 7/7
  4080 | D:4      | Reached skill level 5 in Fighting
  4419 | D:4      | Mangled by an ogre

Skill      XL: |  1  2  3  4  5  6  7 |
---------------+----------------------+-----
Armour         | 4 5 6 |  6.4
Fighting       | 4 5 |  5.0
Maces & Flails | 4 5 6 |  6.2
Dodging        | 1 |  1.1
Shields        | 4 |  4.1
Stealth        | |  0.1

Action                   |  1- 3 |  4- 6 |  7- 9 || total
-------------------------+-------+-------+-------++-------
Melee: Flail             |   158 |   289 |    80 ||   527
Throw: Tomahawk          |       |       |     2 ||     2
  Use: Potion            |     2 |     1 |       ||     3
       Scroll            |     1 |     2 |       ||     3
  Eat: Chunk             |     6 |     9 |     2 ||    17
       Ration            |     1 |     2 |     1 ||     4
Armor: Scale mail        |   117 |    74 |       ||   191
       Chain mail        |       |    61 |    49 ||   110
Dodge: Dodged            |    49 |    48 |     7 ||   104
Block: Medium shield     |    85 |   141 |    42 ||   268
